Map: Lost and Found LE

Players

Avoš

  • Race: Protoss Protoss
  • Spawn Location: 7:00

MasterH - Winner!

  • Race: Protoss Protoss
  • League: Silver
  • Spawn Location: 1:00

VOD

Have the link to the VOD?

Description

Time

  • Played on: July 30, 2018, 3:37 p.m.
  • Length: 13:03
Show
View Real Time Build Order
Export as new Build Order

Avoš Protoss 

Build Orders:  

Get SALT Encoding   

  12  0:01  Probe  
  13  0:13  Probe  
  14  0:19  Pylon  
  14  0:25  Probe  
  15  0:37  Probe  
  15  0:40  Gateway  
  16  0:45  Assimilator  
  16  0:49  Probe  
  17  0:53  Assimilator  
  17  1:01  Probe  
  18  1:10  Gateway  
  18  1:13  Probe  
  19  1:26  Probe  
  19  1:32  Cybernetics Core  
  20  1:39  Probe  
  21  1:43  Pylon  
  21  1:51  Probe  
  22  2:03  Probe  
  23  2:08  Stalker  
  23  2:09  Sentry  
  23  2:14  Warp Gate  
  27  2:23  Pylon  
  27  2:24  Probe  
  28  2:34  Stalker  
  28  2:36  Probe  
  31  2:41  Stalker  
  33  2:55  Nexus  
  33  2:58  Probe  
  34  3:06  Stalker  
  34  3:11  Stalker  
  38  3:20  Probe  
  39  3:28  Twilight Council  
  39  3:35  Forge  
  39  3:51  Pylon  
  39  3:59  Protoss Ground Weapons Level 1  
  39  4:07  Blink, Probe  
  40  4:16  Shield Battery  
  40  4:19  Probe  
  40  4:22  Probe  
  43  4:31  Robotics Facility, Probe  
  43  4:34  Probe  
  43  4:36  Stalker  
  46  4:38  Stalker  
  46  4:43  Probe  
  49  4:49  Probe, Assimilator  
  49  4:51  Assimilator  
  50  4:55  Probe  
  51  5:12  Pylon  
  51  5:14  Probe  
  51  5:15  Probe  
  51  5:21  Pylon  
  53  5:22  Stalker x2  
  53  5:26  Probe  
  53  5:27  Probe  
  59  5:42  Probe x2, Shield Battery  
  61  5:52  Gateway  
  61  5:53  Gateway  
  61  5:54  Probe  
  61  5:55  Probe, Gateway  
  63  5:57  Gateway  
  63  5:58  Observer  
  64  6:06  Protoss Air Weapons Level 1  
  64  6:13  Protoss Ground Armor Level 1  
  64  6:25  Probe  
  64  6:26  Probe  
  64  6:30  Charge  
  66  6:35  Zealot  
  66  6:36  Zealot  
  66  6:38  Probe x2  
  72  6:50  Probe x2  
  74  7:54  Nexus  
  74  7:55  Stalker x2  
  74  7:56  Pylon  
  78  7:58  Protoss Ground Weapons Level 2  
  78  7:59  Pylon  
  78  8:00  Protoss Air Armor Level 1  
  78  8:01  Assimilator  
  78  8:04  Pylon  
  78  8:05  Assimilator  
  78  8:19  Zealot x4  
  86  8:20  Zealot  
  86  8:22  Zealot  
  90  8:54  Zealot  
  90  8:55  Zealot x4  
  98  8:56  Zealot  
  102  9:10  Pylon  
  102  9:14  Shield Battery  
  102  9:26  Immortal  
  106  9:36  Templar Archives  
  106  9:54  Stalker x2  
  106  9:55  Stalker x4  
  106  9:57  Nexus  
  106  9:58  Pylon  
  118  10:00  Pylon x2  
  118  10:03  Assimilator  
  118  10:04  Assimilator  
  118  10:09  Gateway  
  118  10:10  Gateway  
  118  10:14  Gateway, Protoss Ground Armor Level 2  
  118  10:16  Gateway  
  118  10:18  Zealot  
  118  10:19  Zealot x4  
  118  10:20  Zealot  
  130  10:31  Immortal  
  134  10:36  Probe x3  
  137  10:48  Probe x3  
  140  10:55  High Templar x3  
  140  10:56  High Templar  
  148  11:02  Psionic Storm  
  148  11:04  Pylon  
  148  11:06  Pylon  
  148  11:09  Pylon  
  148  11:14  Pylon  
  148  11:20  Probe  
  148  11:21  Probe x3  
  152  11:27  Stalker x2  
  152  11:28  Stalker x2  
  152  11:29  Stalker x2  
  152  11:32  Probe  
  165  11:33  Probe x3  
  165  11:36  Archon  
  165  11:37  Archon  
  156  12:22  Zealot x2  
  114  12:23  Zealot x4  
Show
View Real Time Build Order
Export as new Build Order

MasterH Protoss - Winner!

Build Orders: 1 Gate Expand 

Get SALT Encoding   

  12  0:10  Probe  
  13  0:28  Probe  
  13  0:30  Pylon  
  14  0:40  Assimilator  
  14  0:41  Probe  
  15  0:53  Probe  
  15  0:55  Gateway  
  16  1:24  Nexus  
  16  1:26  Probe  
  17  1:35  Probe  
  18  2:07  Probe  
  18  2:09  Cybernetics Core  
  18  2:11  Gateway  
  18  2:15  Probe  
  19  2:19  Assimilator  
  20  2:25  Probe  
  20  2:29  Pylon  
  21  2:33  Probe  
  22  2:37  Probe  
  22  2:41  Probe  
  22  2:43  Warp Gate  
  23  2:49  Probe  
  23  2:51  Probe  
  26  3:03  Probe  
  26  3:04  Adept x2  
  31  3:15  Pylon, Probe  
  32  3:31  Adept  
  32  3:32  Adept  
  36  3:36  Twilight Council  
  36  3:38  Robotics Facility  
  36  3:39  Probe  
  36  3:47  Probe  
  38  3:57  Probe  
  38  3:59  Assimilator  
  38  4:01  Stalker  
  38  4:02  Stalker  
  43  4:14  Resonating Glaives  
  43  4:25  Gateway  
  43  4:26  Gateway  
  43  4:39  Immortal  
  47  5:18  Immortal  
  51  5:36  Robotics Bay  
  51  5:49  Stalker  
  53  5:57  Probe  
  53  6:02  Pylon  
  54  6:05  Pylon  
  54  6:13  Assimilator  
  54  6:17  Colossus  
  54  6:20  Probe  
  61  6:32  Probe  
  62  6:41  Gateway  
  62  6:43  Gateway  
  62  6:44  Probe, Gateway  
  62  6:46  Gateway  
  63  6:47  Stalker  
  63  6:48  Stalker x2  
  69  6:56  Probe  
  70  7:24  Pylon  
  69  7:43  Pylon  
  69  7:45  Pylon  
  69  7:47  Pylon  
  69  7:52  Immortal, Probe  
  69  7:53  Forge  
  69  7:54  Forge  
  70  8:00  Probe  
  75  8:09  Probe  
  76  8:14  Robotics Facility  
  76  8:20  Adept  
  76  8:21  Adept x3  
  76  8:22  Probe, Adept x3  
  76  8:23  Adept  
  93  8:34  Probe  
  94  8:46  Protoss Ground Weapons Level 1  
  94  8:48  Protoss Ground Armor Level 1  
  94  8:54  Nexus  
  94  8:58  Pylon  
  94  9:00  Pylon  
  94  9:15  Colossus  
  94  9:16  Probe  
  95  9:17  Colossus  
  107  9:28  Pylon, Probe  
  108  9:31  Photon Cannon  
  108  9:36  Adept  
  110  9:48  Pylon  
  110  9:50  Pylon  
  110  9:52  Pylon  
  110  10:03  Colossus x2  
  122  10:14  Stalker x2  
  122  10:15  Stalker  
  122  10:16  Stalker  
  130  10:47  Protoss Ground Weapons Level 2  
  130  10:58  Immortal x2  
  130  11:01  Pylon  
  130  11:03  Adept  
  130  11:04  Adept x2  
  144  11:12  Adept x3  
  144  11:17  Adept  
  152  11:21  Adept  
  152  11:22  Probe  
  155  11:30  Probe  
  155  11:36  Assimilator  
  155  11:39  Probe  
  156  11:40  Assimilator  
  157  11:51  Probe  
  158  11:56  Colossus  
Tags
 
League
Silver
Matchup
PvP
Spawn Locations
Cross Positions
Add a new tag
Caveats
  • Supply blocks, unpowered buildings, or Contaminate may cause inaccurate times.
  • Supply counts are checked every 10 seconds.